 Dungeon Crawl Stone Soup version 0.20.1-1-g8b1a95d (webtiles) character file.

86 Nidhoragg the Skirmisher (level 4, -1/43 HPs)
             Began as a Gargoyle Berserker on Aug 1, 2017.
             Was a Believer of Trog.
             Slain by an orc warrior
             ... wielding a +0 mace
              (6 damage)
             ... on level 3 of the Dungeon.
             The game lasted 00:17:49 (1795 turns).

Nidhoragg the Skirmisher (Gargoyle Berserker)       Turns: 1795, Time: 00:17:49

Health: -1/43      AC: 11    Str: 27    XL:     4   Next: 49%
Magic:  4/4        EV: 13    Int:  7    God:    Trog [**....]
Gold:   177        SH:  0    Dex:  9    Spells: 3/3 levels left

rFire    . . .     SeeInvis .   a - +0 mace
rCold    . . .     Gourm    .   (no shield)
rNeg     + . .     Faith    .   h - +0 ring mail
rPois    ∞         Spirit   .   (no helmet)
rElec    +         Reflect  .   (no cloak)
rCorr    .         Harm     .   p - +1 pair of gloves
MR       ++...                  (no boots)
Stlth    ..........             (no amulet)
Regen    1.2/turn               e - +2 ring of evasion
MPRegen  0.1/turn               (no ring)

@: berserking, regenerating, very quick
A: negative energy resistance 1, electricity resistance, unbreathing,
petrification resistance, rot immunity, AC +3
a: Berserk, Trog's Hand, Burn Spellbooks, Renounce Religion


You were on level 3 of the Dungeon.
You worshipped Trog.
Trog was pleased with you.
You were not hungry.

You visited 1 branch of the dungeon, and saw 3 of its levels.

You collected 177 gold pieces.

Inventory:

Hand Weapons
 a - a +0 mace (weapon)
Armour
 b - a +0 animal skin
 f - a +0 scale mail
 h - a +0 ring mail (worn)
 p - a +1 pair of gloves (worn)
Jewellery
 e - a +2 ring of evasion (left hand)
Scrolls
 g - a scroll of teleportation {unknown}
 i - a scroll of identify
 j - a scroll of blinking {unknown}
 l - a scroll of remove curse {unknown}
 m - 2 scrolls of noise {unknown}
Potions
 d - a potion of haste {unknown}
 o - a potion of curing
 q - a potion of mutation {unknown}
Comestibles
 c - 5 bread rations
 k - a royal jelly


   Skills:
 + Level 4.0 Fighting
 + Level 3.9 Maces & Flails
 + Level 2.8 Armour
 + Level 2.2 Dodging
 + Level 0.2 Stealth


You had 3 spell levels left.
You didn't know any spells.

Dungeon Overview and Level Annotations

Branches:
Dungeon (3/15)

Altars:


Innate Abilities, Weirdness & Mutations

You are resistant to torment.
Your stone body is resilient. (AC +3)
You are immune to poison.
You resist negative energy. (rN+)
You are resistant to electric shocks. (rElec)
You can survive without breathing.
You are immune to petrification.
You are immune to rotting.


Message History

You closely miss the orc.
The orc is severely wounded.
The orc misses you.
You sock the orc!
You kill the orc!
Trog accepts your kill. The orc warrior hits you with a mace!
Ouch! That really hurt!
Your skin crawls.
You feel resistant to hostile enchantments.
You feel somewhat more hungry.
A red film seems to cover your vision as you go berserk!
You feel yourself moving faster!
You feel mighty!
You feel a lot more hungry. The orc warrior barely misses you.
You closely miss the orc warrior. The orc warrior hits you with a mace!!
* * * LOW HITPOINT WARNING * * *
You sock the orc warrior!
The orc warrior is moderately wounded.
The orc warrior hits you with a mace.
You die...

#.# #.# # #.#
##.####.# ........#
........# ........#
........#######..#.
.oo.......o@.......
.......#.##########
.........#
.......#.#
..>....#.#
##.#####.# #. ...
...


You could see an orc warrior.

Vanquished Creatures
  Robin (D:2)
  4 worms (D:2)
  A dart slug (D:2)
  An orc (D:3)
  A ball python (D:1)
  8 bats
  3 giant cockroaches (D:1)
  8 goblins
  12 hobgoblins
  2 quokkas (D:2)
  2 frilled lizards
  5 kobolds
  6 rats
54 creatures vanquished.

Notes
Turn   | Place    | Note
-------+----------+-------------------------------------------
     0 | D:1      | Nidhoragg the Gargoyle Berserker began the quest for the Orb.
     0 | D:1      | Reached XP level 1. HP: 14/14 MP: 1/1
   155 | D:1      | Reached XP level 2. HP: 19/19 MP: 2/2
   883 | D:2      | Reached ** piety under Trog
   911 | D:2      | Reached XP level 3. HP: 24/24 MP: 3/3
  1173 | D:2      | Noticed Robin
  1189 | D:2      | Killed Robin
  1189 | D:2      | Reached XP level 4. HP: 29/29 MP: 4/4
  1328 | D:2      | Reached skill level 4 in Fighting
  1779 | D:3      | Noticed an orc warrior
  1795 | D:3      | Slain by an orc warrior

Skill      XL: |  1  2  3  4 |
---------------+-------------+-----
Dodging        | 2 |  2.2
Fighting       | 4 |  4.0
Maces & Flails | |  3.9
Armour         | |  2.8
Stealth        | |  0.2

Action                   |  1- 3 |  4- 6 || total
-------------------------+-------+-------++-------
Melee: Mace              |   108 |    69 ||   177
Invok: Trog's Hand       |     1 |     3 ||     4
       Berserk           |     1 |     1 ||     2
  Use: Scroll            |     2 |       ||     2
       Potion            |     1 |       ||     1
 Stab: Sleeping          |     1 |       ||     1
  Eat: Chunk             |     1 |     3 ||     4
       Royal jelly       |       |     1 ||     1
Armor: Animal skin       |     6 |       ||     6
       Ring mail         |    33 |    48 ||    81
Dodge: Dodged            |    75 |    95 ||   170
